[Event "MCCT Oslo Esports Cup 2022"]
[Site "Oslo"]
[Date "2022.04.20"]
[Round "7.1"]
[White "Mamedyarov, Shakhriyar"]
[Black "Carlsen, Magnus"]
[Result "1/2-1/2"]
[ECO "E60"]
[WhiteElo "2771"]
[BlackElo "2864"]
[Annotator "TA"]
[PlyCount "97"]
[EventDate "2022.04.14"]
[EventType "tourn"]
[EventCountry "NOR"]
[SourceTitle "playchess.com"]
[Source "ChessBase"]
[SourceQuality "1"]
[TimeControl "900+10"]

1. d4 Nf6 2. c4 g6 3. Nf3 Bg7 4. e3 (4. Nc3 d6 5. g3 O-O 6. Bg2 Nc6 7. O-O e5 8. h3 Re8 9. d5 Nb8 10. e4 a5 11. Be3 Na6 12. a3 Nc5 13. Nd2 a4 14. Bxc5 dxc5 15. Nxa4 Qe7 16. b3 Bd7 17. Nb2 Ra6 {½-½ (69) Mamedyarov,S (2762)-Carlsen,M (2855) Struga 2021}) 4... O-O 5. Be2 c5 6. dxc5 {[%emt 0:00:01] E60: King's Indian: Unusual lines and Fianchetto Variation without Nc3.} Na6 7. O-O Nxc5 8. b4 $1 {[%emt 0:00:01][%mdl 4] is more profitable than 8.Nc3 at the moment.} Nce4 9. Bb2 b6 10. Nbd2 Bb7 11. Nxe4 {[%emt 0:00:08] [#]} Nxe4 $146 ({Predecessor:} 11... Bxe4 12. Rc1 Qc7 13. Nd4 Rac8 14. Nb5 Qb7 15. f3 Bc6 16. Nd4 d6 17. Nxc6 Qxc6 {0-1 (43) Betaneli,A (2204)-Li,R (2564) Saint Louis 2017}) 12. Bxg7 Kxg7 13. Qd4+ Nf6 14. Rfd1 Qc7 15. Ne5 Rfd8 (15... h5 $11) 16. Ng4 $1 $14 {[%emt 0:00:22] White is more active.} a5 17. Nxf6 exf6 18. Qd6 (18. a3 $1 $14) 18... Qxd6 19. Rxd6 {[%emt 0:00:03] [#] Black must now prevent b5.} axb4 20. Rxb6 Bc6 21. Rxb4 Ra5 22. Bd1 Rda8 23. a4 Kf8 24. f3 Ke7 25. Bb3 h5 26. Kf2 Rc5 27. e4 f5 28. exf5 Rxf5 29. Rd1 Rfa5 30. Rb5 Bxb5 (30... R5a7 {is more complex.} 31. Re5+ Kf6 32. Rc5 Ke6) 31. cxb5 Rxa4 32. Bxa4 Rxa4 $11 {[%emt 0:00:01][%mdl 4096] Endgame KR-KR} 33. Rb1 {[%emt 0:00:01] Prevents Rb4.} Kd8 (33... Kd6 $11) 34. b6 $1 $14 {[%emt 0:00:18] [#] b7 would kill now.} Kc8 35. Rc1+ (35. b7+ $14 {deserves consideration.} Kb8 36. Rd1) 35... Kb7 $11 {[%emt 0:00:15] The position is equal.} 36. Rc7+ Kxb6 37. Rxd7 Rf4 38. Kg3 Rf5 39. Rd4 Kc5 40. Rf4 Rxf4 41. Kxf4 {[%emt 0:00:01] K3P-K3P} f6 42. g4 hxg4 43. fxg4 {[%emt 0:00:00] KPP-KPP} Kd5 44. h4 Ke6 45. h5 gxh5 46. gxh5 Kf7 47. Kf5 Kg7 48. h6+ Kxh6 49. Kxf6 {[%emt 0:00:01] Weighted Error Value: White=0.08 (flawless) /Black=0.08 (flawless)} 1/2-1/2

[Event "MCCT Oslo Esports Cup 2022"]
[Site "Oslo"]
[Date "2022.04.20"]
[Round "7.1"]
[White "Le, Quang Liem"]
[Black "Van Foreest, Jorden"]
[Result "1-0"]
[ECO "D18"]
[WhiteElo "2709"]
[BlackElo "2714"]
[Annotator "TA"]
[PlyCount "131"]
[EventDate "2022.04.14"]
[EventType "tourn"]
[EventCountry "NOR"]
[SourceTitle "playchess.com"]
[Source "ChessBase"]
[SourceQuality "1"]
[TimeControl "900+10"]

1. d4 d5 2. c4 c6 3. Nf3 Nf6 4. Nc3 dxc4 5. a4 Bf5 6. e3 e6 7. Bxc4 Bb4 8. O-O O-O 9. Nh4 Bg6 10. Nxg6 hxg6 11. Qb3 Qe7 12. e4 {[%emt 0:00:12] White wants to play Bg5. D18: Slav Defence: 5 a4 Bf5 6 e3.} Bxc3 13. bxc3 {[%emt 0:00:00] aiming for Ba3.} Nxe4 14. Re1 {[%emt 0:00:31] The position is equal.} Nd6 (14... Qh4 $2 15. g3 Qg4 16. Qxb7 $18 (16. Ba3 Rd8 $16)) 15. Ba3 Re8 16. Bd3 {[%emt 0:04:53] [#]} Qc7 $146 {[%emt 0:01:21] [#]} ({Predecessor:} 16... b6 17. c4 Nd7 18. d5 cxd5 19. cxd5 e5 20. Rac1 Nc5 21. Bxc5 bxc5 22. Rxc5 e4 23. Bb5 {½-½ (23) Rau,J (2315)-Calio,M (2330) ICCF email 2016}) 17. Bxg6 $1 fxg6 18. Rxe6 Qf7 19. Rae1 {[%emt 0:00:05] Intending Rxe8+ and mate.} (19. d5 $5 ) 19... Rxe6 20. Rxe6 Nd7 21. Bxd6 Nf8 (21... Nf6 $11) 22. Bxf8 $16 Re8 {[%emt 0:00:01] [#]} 23. d5 Rxf8 {[%emt 0:00:00][%mdl 4096] Endgame KQR-KQR} (23... Kxf8 24. Qb4+) 24. f3 {[%emt 0:01:06] Active counter play!} cxd5 25. Qxd5 Kh7 26. Qe4 Qf5 27. Kf2 Qxe4 28. Rxe4 {[%emt 0:00:00] KR-KR} Rc8 29. Rh4+ Kg8 30. Rb4 b6 31. Rb3 Rc4 32. Ra3 Kf7 33. Ke3 Ke6 34. Kd3 Kd5 35. Ra2 g5 36. h3 {[%emt 0:00:08] Prevents g4.} g6 37. g3 (37. a5 $142) 37... Rc6 {[%emt 0:01:06] This move loses the game for Black.} (37... Rc5 $16) 38. Rb2 $18 a6 {[%emt 0:00:01] [#]} 39. Rb4 $1 Rf6 40. Ke3 Rc6 (40... Kc5 $142 41. Rg4 Re6+ 42. Kd3 Rd6+ 43. Kc2 Rd5) 41. Rd4+ Ke5 {[%emt 0:00:03] [#]} 42. Kd3 Rf6 43. f4+ gxf4 44. Re4+ Kd5 45. Rxf4 ({Less strong is} 45. gxf4 Rf5 $14) 45... Rc6 (45... Re6 $142 46. h4 Rc6) 46. Rg4 {[%emt 0:00:02] And now Rg5+ would win.} Ke5 47. h4 Rd6+ 48. Ke3 Rc6 49. c4 Kf6 50. Rd4 Ke6 51. Re4+ Kf6 52. Kd4 Rd6+ 53. Kc3 {[%emt 0:00:01][%cal Oa4a5] Threatens to win with a5!} Kf5 $2 (53... Rc6 54. Kd3 Rc5) 54. Rd4 Re6 55. Kb4 Re1 56. Rd5+ Ke6 57. Rg5 Rb1+ 58. Kc3 Kf6 $2 (58... Kf7 59. a5 Rc1+ 60. Kd4 (60. Kb2 Rxc4 61. axb6 Rb4+ 62. Kc3 Rxb6 $11) 60... Rd1+ 61. Ke3 Re1+ 62. Kd2 Re6 63. axb6 Rxb6) 59. a5 {[%emt 0:00:01] White is clearly winning.} b5 60. cxb5 axb5 61. Rg4 Ra1 62. Rf4+ Ke6 63. Kb4 Kd6 64. Kxb5 Rb1+ 65. Rb4 Rg1 66. Kb6 {[%emt 0:00:13] Weighted Error Value: White=0.07 (flawless) /Black=0.34} 1-0

[Event "MCCT Oslo Esports Cup 2022"]
[Site "Oslo"]
[Date "2022.04.20"]
[Round "7.1"]
[White "Praggnanandhaa R"]
[Black "Giri, Anish"]
[Result "0-1"]
[ECO "E94"]
[WhiteElo "2624"]
[BlackElo "2773"]
[Annotator "TA"]
[PlyCount "114"]
[EventDate "2022.04.14"]
[EventType "tourn"]
[EventCountry "NOR"]
[SourceTitle "playchess.com"]
[Source "ChessBase"]
[SourceQuality "1"]
[TimeControl "900+10"]

1. d4 Nf6 2. c4 g6 3. Nc3 Bg7 4. e4 d6 5. Be2 O-O 6. Nf3 e5 7. O-O Bg4 8. d5 a5 9. h3 {[%emt 0:00:01] E94: King's Indian: Classical: 6 Be2 e5 7 0-0: Various Black 7th moves.} Bxf3 10. Bxf3 {[%emt 0:00:01] [#]} Kh8 $146 ({Predecessor:} 10... Na6 11. Be3 Nd7 12. g3 f5 13. exf5 gxf5 14. Bg2 f4 15. Bd2 Nac5 16. Kh2 Qf6 {1-0 (40) Gelfand,B (2650)-Cori Tello,D (2397) Riga 2021}) 11. Bg5 {[%emt 0:00:43] White is slightly better.} h6 12. Be3 Nbd7 13. a3 Nh7 14. Qd2 f5 $1 15. Bxh6 Qh4 16. Bxg7+ Kxg7 17. exf5 gxf5 18. Bd1 f4 {[%emt 0:02:03][%cal Of4f3] ...f3! is the strong threat.} 19. Bg4 (19. f3 $14) 19... Ndf6 $11 20. f3 Ng5 21. Qf2 Qh7 22. Be6 Rae8 23. c5 (23. Rfd1 $11) 23... Kh8 (23... Nxe6 $17 24. dxe6 d5) 24. Bg4 $2 (24. Rfe1 $14 {keeps the upper hand.}) 24... Nxg4 $19 25. fxg4 (25. hxg4 Rf6 26. Ne4 Nxe4 27. fxe4 Rh6) 25... Rf6 {[%emt 0:00:02] Black is more active.} (25... e4 $1 $17 {[%cal Re4e3] Hoping for ...e3.} 26. Qd4+ Kg8 27. cxd6 cxd6) 26. cxd6 (26. Rac1 $15) 26... cxd6 $17 27. h4 $2 {[%emt 0:00:50] [#]} ({White has to play} 27. Rac1 $15) 27... Rh6 $1 $19 {[%emt 0:00:13][%mdl 1024] Black has strong compensation.} 28. h5 Qd7 (28... Rg8 $19 {[%cal Oh6h5] Threatens to win with ...Rxh5!} 29. Qh4 Qe7) 29. Qh4 $17 Rg8 {[%emt 0:00:04] White must now prevent ...Nh7.} 30. Rac1 b5 ({Don't play} 30... Nf7 31. Ne4 $11) 31. Nd1 {[%emt 0:00:17] [#]} (31. Rf2 $17 {was worth a try.}) 31... Ne4 $1 $19 32. Nf2 Nxf2 33. Rxf2 Rxg4 34. Rc7 $2 {[%emt 0:00:34][%mdl 8192] [#]} (34. Qh3 $17 Qf5 35. Rfc2 Rxh5 36. Rc8+ Kh7 37. R1c7+ Rg7 38. Rxg7+ (38. Qxf5+ Rxf5 39. Rxg7+ Kxg7 $17) 38... Kxg7 39. Qxf5 Rxf5 40. Rc6) 34... Qf5 $1 ({And not} 34... Rxh4 35. Rxd7 R4xh5 36. Rc2 $15) (34... Qxc7 35. Qxg4 Rf6 36. Kh2 $11) 35. Qe7 Rg8 36. Qf7 Rf6 (36... Qb1+ $19 {is more deadly.} 37. Kh2 b4) 37. Qe7 $2 (37. Qd7 $17) 37... f3 38. Rc3 e4 ({Weaker is} 38... Rh6 39. Rfxf3 Qb1+ 40. Rf1 Qxb2 41. Rg3 Qd4+ 42. Rf2 Qd1+ 43. Rf1 Qd4+ 44. Rf2 Rxg3 45. Qf8+ Kh7 46. Qf5+ Kg8 47. Qc8+ Kh7 48. Qf5+ Kh8 49. Qf8+ Kh7 50. Qf5+ $11) 39. Re3 Rxg2+ 40. Kf1 Qg5 41. Qe8+ Kg7 42. h6+ Kxh6 43. Qh8+ Kg6 44. Qg8+ Kh5 (44... Kf5 $142 45. Qxg5+ Rxg5) 45. Qxg5+ Rxg5 {[%emt 0:00:12][%mdl 4096] Endgame KRR-KRR} 46. Rh2+ Kg4 {[%emt 0:00:09][%cal Bh5g4,Bg4f5,Bf5e4,Be4e3][%mdl 32] And now ...Kf4 would win.} 47. Rxe4+ Rf4 48. Re6 Rxd5 49. Rg6+ Kf5 50. Rh5+ Ke4 51. Rhh6 Rd1+ 52. Kf2 Rd2+ 53. Kf1 Rxb2 54. Rxd6 Ke3 {[%emt 0:00:03] ( -> ...Rb1+)} 55. Rhe6+ Re4 56. Rxe4+ Kxe4 57. Re6+ Kd3 {[%emt 0:00:26] Weighted Error Value: White=1.15/Black=0.46} 0-1

[Event "MCCT Oslo Esports Cup 2022"]
[Site "Oslo"]
[Date "2022.04.20"]
[Round "7.1"]
[White "Hansen, Eric"]
[Black "Duda, Jan-Krzysztof"]
[Result "0-1"]
[ECO "C65"]
[WhiteElo "2606"]
[BlackElo "2750"]
[Annotator "TA"]
[PlyCount "54"]
[EventDate "2022.04.14"]
[EventType "tourn"]
[EventCountry "NOR"]
[SourceTitle "playchess.com"]
[Source "ChessBase"]
[SourceQuality "1"]
[TimeControl "900+10"]

1. e4 e5 2. Nf3 Nc6 3. Bb5 Nf6 4. d3 Bc5 5. c3 d5 6. exd5 {[%emt 0:00:26] C65: Ruy Lopez: Berlin Defence (3...Nf6), unusual lines and 4 0-0 Bc5.} Qxd5 7. Bc4 Qd6 8. Nbd2 {[%emt 0:00:03] Prevents e4. The position is equal.} Bf5 9. Qe2 {[%emt 0:00:06] aiming for d4.} O-O 10. Ng5 Qd7 11. Nde4 Be7 {[%emt 0:00:14] [#]} 12. Ng3 $146 (12. Nf3 $15) ({Predecessor:} 12. Bb3 Rad8 13. Bc2 Nd5 14. Nf3 h6 15. O-O Bg6 16. Bd2 Rfe8 17. Rfe1 f5 18. Ng3 {0-1 (35) Drost,P (2105)-Narkun,M (2264) ICCF email 2018}) 12... Bg6 $1 $17 13. h4 Rad8 14. N5e4 Na5 15. Bb3 Nxb3 (15... Qxd3 $6 16. Qxd3 Rxd3 17. Nxf6+ Bxf6 18. h5 $11) 16. axb3 h6 (16... Qxd3 $6 17. Qxd3 Rxd3 18. Nxf6+ gxf6 19. h5 $14) 17. h5 Bh7 $1 {[%emt 0:00:09] ...Nd5 is the strong threat.} 18. Rxa7 $2 {[%emt 0:00:49] This move loses the game for White.} (18. Nxf6+ $17 {is a better defense.} Bxf6 19. Ne4) 18... Nd5 $1 $19 ({And not} 18... Qxd3 19. Qxd3 Rxd3 20. Nxf6+ Bxf6 21. Rxb7 $11) 19. Rxb7 $2 (19. d4 exd4 20. O-O) 19... Nf4 20. Bxf4 exf4 21. d4 ({Don't play} 21. Nf1 Ra8 22. Qf3 (22. Qd1 $2 Qc6 $19) 22... Rfd8 $19) (21. O-O $142 fxg3 22. Qf3) 21... fxg3 22. Nxg3 {[%emt 0:00:00] [#]} Qc6 $1 23. Qf3 (23. O-O Qxb7) 23... Qa6 {[%emt 0:00:11] Threatens to win with ...Rfe8.} 24. Rxc7 Bd6 {[%emt 0:00:03] ( -> ...Rde8+)} 25. Rc4 Qa1+ {[%emt 0:00:15] Black mates.} 26. Qd1 Rfe8+ 27. Ne2 {[%emt 0:00:16] [#]} Qxb2 {[%emt 0:00:29] Weighted Error Value: White=1.15/Black=0.06 (flawless)} (27... Rxe2+ $142 $1 28. Kxe2 Re8+ 29. Kf3 Be4+ 30. Kg4 Qxb2 31. Qe1 Qxb3 32. Qc1 {[#]} Bf5+ $1 33. Kh4 Qb7 34. Re1 Qxg2 $1 35. Rxe8+ Kh7 36. Rh8+ Kxh8 37. Rc8+ Bxc8 38. Qxh6+ gxh6 39. c4 Qxf2#) 0-1

[Event "MCCT Oslo Esports Cup 2022"]
[Site "Oslo"]
[Date "2022.04.28"]
[Round "7.2"]
[White "Carlsen, Magnus"]
[Black "Mamedyarov, Shakhriyar"]
[Result "0-1"]
[ECO "A21"]
[WhiteElo "2864"]
[BlackElo "2771"]
[Annotator "TA"]
[PlyCount "130"]
[EventDate "2022.04.14"]
[EventType "tourn"]
[EventCountry "NOR"]
[SourceTitle "playchess.com"]
[Source "ChessBase"]
[SourceQuality "1"]
[TimeControl "900+10"]

1. c4 e5 2. Nc3 Bb4 3. Nd5 Be7 4. Nf3 d6 5. d4 Nf6 6. Nxe7 {[%emt 0:00:03] A21: English Opening: 1...e5 2 Nc3.} Qxe7 7. e3 exd4 8. Nxd4 {[%emt 0:01:06] The position is equal.} O-O 9. Be2 Rd8 10. O-O c5 11. Nf3 {[%emt 0:01:23] [#]} Nc6 $146 ({Predecessor:} 11... Bf5 12. Bd2 Ne4 13. Qb3 Nxd2 14. Nxd2 Nc6 15. Rfe1 Be6 16. e4 a6 17. Qc3 Nd4 {0-1 (58) Piorun,K (2643)-Kashlinskaya,A (2481) Douglas 2019}) 12. Bd2 d5 13. cxd5 Rxd5 14. Qb3 Be6 15. Bc3 Ne4 16. Bc4 {[%emt 0:00:05] A strong pair of Bishops.} Rd6 17. Bxe6 Rxe6 18. Rad1 h6 19. a4 b6 (19... Rg6 {with more complications.} 20. h3 b6 21. Qc2 Qe6) 20. h3 Nxc3 (20... Rg6 {keeps more tension.} 21. Qc2 Qe6 22. Nh4 Nxc3 23. bxc3 Rf6) 21. bxc3 Rd8 22. Rxd8+ Qxd8 23. Rd1 Rd6 24. Rxd6 Qxd6 25. Qc2 g6 26. Qe4 Kg7 27. g3 a6 28. Qb1 Ne7 29. c4 Ng8 30. Qb2+ Qf6 31. Qxf6+ Nxf6 $11 {[%emt 0:00:26][%mdl 4096] Endgame KN-KN} 32. Ne5 Kf8 33. f3 Ke7 34. Kf2 Ke6 35. Nd3 Ne8 36. a5 bxa5 37. Nxc5+ Kd6 38. Na4 (38. Nb7+ $11 Kc6 39. Nxa5+ Kc5 40. Ke2) 38... Nc7 39. e4 (39. Ke1 $17 {was necessary.}) 39... Ne6 $19 40. Ke3 Nc5 41. e5+ (41. Nc3 $17) 41... Kc6 42. Nc3 a4 43. f4 {[%emt 0:00:36] [#]} a3 $1 44. g4 $2 (44. Na2 {is a better defense.}) 44... Ne6 45. f5 gxf5 46. gxf5 Ng7 47. f6 Ne6 {[%emt 0:00:15] Threatens to win with ...Kc5.} 48. Kd3 Kd7 ({Not} 48... Kc5 49. Na2 $19) 49. h4 h5 {[%emt 0:00:50] Strongly threatening ...Nf4+.} 50. Ke4 Kc6 {[%emt 0:00:05] White must now prevent ...Kc5.} 51. Kd3 a5 $2 (51... Kc5 $19 {And now ...Kb4 would win.} 52. Na2 Nf4+ 53. Kc3 Ng6) 52. Kc2 $11 Nd4+ 53. Kb1 Kd7 54. Ne4 Nf3 (54... Ke6 $5 55. c5 Kxe5 $17) 55. Ng3 Nd2+ ({Much worse is} 55... Nxh4 $6 56. Nxh5 Nf3 57. Ka2 $17) 56. Ka2 Nxc4 {[%emt 0:00:00] aiming for ...Ke6.} 57. Nxh5 Ke6 58. Nf4+ $2 {[%emt 0:01:11][%mdl 8192] White does not recover from this.} (58. Ng3 $11) 58... Kxe5 $19 59. Nd3+ Kxf6 {[%emt 0:00:02] Black mates.} 60. Kb3 a4+ 61. Ka2 Kg6 62. Nc5 Kh5 63. Nxa4 f5 64. Nc3 f4 65. Kb3 {[%emt 0:00:03] [#]} f3 $1 {[%emt 0:00:07] Weighted Error Value: White=0.34/Black=0.06 (flawless)} 0-1

[Event "MCCT Oslo Esports Cup 2022"]
[Site "Oslo"]
[Date "2022.04.28"]
[Round "7.2"]
[White "Giri, Anish"]
[Black "Praggnanandhaa R"]
[Result "1/2-1/2"]
[ECO "B31"]
[WhiteElo "2773"]
[BlackElo "2624"]
[Annotator "TA"]
[PlyCount "118"]
[EventDate "2022.04.14"]
[EventType "tourn"]
[EventCountry "NOR"]
[SourceTitle "playchess.com"]
[Source "ChessBase"]
[SourceQuality "1"]
[TimeControl "900+10"]

1. e4 c5 2. Nf3 Nc6 3. Bb5 g6 4. O-O Bg7 5. c3 Nf6 6. Re1 O-O 7. d4 d5 $1 {[%emt 0:00:01][%mdl 4] is currently scoring better than 7...cxd4.} 8. e5 Ne4 9. Be3 {[%emt 0:00:01] B31: Sicilian: 2...Nc6 3 Bb5 g6.} cxd4 (9... Qb6 {is more complex.} 10. Na3 cxd4 11. Nxd4 Nxe5 12. Nf5 Qc7) 10. cxd4 Qb6 11. Bxc6 bxc6 12. Qc1 a5 13. Nc3 {[%emt 0:00:01] [#]} a4 $5 $146 {[%emt 0:00:00][%mdl 8] An interesting novelty.} ({Predecessor:} 13... Nxc3 14. Qxc3 Bf5 15. b3 Rfb8 16. Nd2 h5 17. h3 Rc8 18. Rac1 Bf8 19. a3 Rab8 {1-0 (57) So,W (2770)-Radjabov,T (2765) chess24.com INT 2021}) 14. Nxe4 dxe4 15. Nd2 Bf5 $1 16. Qc3 Rfb8 17. b3 Qb4 (17... Qa5 {feels hotter.} 18. Qb2 f6 19. Rec1 fxe5 20. Nc4 Qb5) 18. Qxb4 (18. Qxc6 $2 Rc8 19. a3 Qb8 $19) 18... Rxb4 19. a3 Rb5 ({Black should try} 19... Rxb3 $11 20. Nxb3 axb3) 20. b4 $14 f6 21. exf6 Bxf6 22. Rac1 Rd8 23. Rxc6 Bxd4 24. Bxd4 Rxd4 25. Nb1 Rd3 26. Nc3 Rb8 27. h4 Kf8 28. Re3 Rbd8 29. b5 Rb8 {[%emt 0:02:25] [#]} (29... R3d4 $16) 30. Kh2 (30. Rc4 $1 $18) 30... Rd2 31. Kg3 Bd7 (31... Rb2 $16) 32. Rc4 $18 ({Wrong is} 32. Rxe4 $2 Rd3+ 33. Re3 Rxe3+ 34. fxe3 Bxc6 35. bxc6 Rc8 36. Nxa4 Rxc6 $19) (32. Nxe4 Bxc6 33. Nxd2 Rxb5 $11) 32... Rb2 33. Rxa4 Bxb5 34. Raxe4 Rb7 35. Nd5 Rd7 36. Nxe7 Ra2 37. h5 Kg7 38. hxg6 hxg6 39. Re5 Bc4 40. Nc6 {[%emt 0:00:36] Inhibits Ra7.} Rf7 {[%emt 0:00:17] [#]} 41. Rc5 (41. Re7 $1 $18) 41... Bf1 $14 42. Ne5 Rfxf2 43. Rc7+ Kg8 44. Ng4 {[%emt 0:00:20] White wants to mate with Re8+.} Rxg2+ ({Much less strong is} 44... Rf8 45. Re6 Rxg2+ 46. Kh4 g5+ 47. Kh5 $16) 45. Kf4 Rge2 $1 46. Rf3 {[%emt 0:00:10] Kg5 is the strong threat.} Bg2 {[%emt 0:00:03] The position is equal.} 47. Rfc3 Rad2 48. Nf6+ ({Don't take} 48. Kg5 Kf8 $14) 48... Kf8 49. Kg5 {[%emt 0:00:03] Hoping for Rh7.} Re5+ 50. Kxg6 Be4+ 51. Nxe4 Rxe4 $11 {[%emt 0:00:00][%mdl 4096] Endgame KRR-KRR} 52. Rf3+ Ke8 53. Kf5 Re7 54. Rxe7+ Kxe7 {[%emt 0:00:04] KR-KR} 55. Ke4 Kd6 56. Rd3+ Rxd3 57. Kxd3 Kc5 58. a4 Kb4 59. a5 Kxa5 {[%emt 0:00:00] Black escapes into a draw.  Weighted Error Value: White=0.09 (flawless) /Black=0.10 (very precise)} 1/2-1/2

[Event "MCCT Oslo Esports Cup 2022"]
[Site "Oslo"]
[Date "2022.04.20"]
[Round "7.2"]
[White "Van Foreest, Jorden"]
[Black "Le, Quang Liem"]
[Result "1-0"]
[ECO "C82"]
[WhiteElo "2714"]
[BlackElo "2709"]
[Annotator "TA"]
[PlyCount "73"]
[EventDate "2022.04.14"]
[EventType "tourn"]
[EventCountry "NOR"]
[SourceTitle "playchess.com"]
[Source "ChessBase"]
[SourceQuality "1"]
[TimeControl "900+10"]

1. e4 e5 2. Nf3 Nc6 3. Bb5 a6 4. Ba4 Nf6 5. O-O Nxe4 6. d4 b5 7. Bb3 d5 8. dxe5 Be6 9. c3 Bc5 10. Nbd2 O-O 11. Bc2 Nxf2 12. Rxf2 f6 13. Qe2 $5 {[%emt 0:00:28][%cal Oe5f6][%mdl 4] 13.Nf1 is becoming the main line. Leaves trodden paths. C82: Open Ruy Lopez: 9 c3 without 9...Be7.} fxe5 14. Nb3 Bxf2+ 15. Qxf2 {[%emt 0:00:00] The position is equal.} e4 16. Qe1 $1 Bg4 {[%emt 0:00:48] [#]} (16... Qd6 $5 17. Nfd4 Ne5 $15) 17. Bg5 $146 ({Predecessor:} 17. Nfd4 Ne5 18. Be3 Qd6 19. Qg3 Rae8 20. Nd2 h5 21. Bf2 c5 22. N4b3 Rxf2 23. Nxe4 dxe4 24. Kxf2 c4 25. Nd4 Nd3+ {0-1 (25) Maumey,M-Thimognier,D France 1991}) 17... Qd6 (17... exf3 $2 {[#]} 18. Bxh7+ $1 Kxh7 19. Qh4+ Kg8 20. Bxd8 f2+ 21. Kf1 $18) 18. Nfd4 Ne5 19. Qg3 Rae8 20. Be3 c5 (20... Rf6 $15 21. Nd2 Rg6) 21. Nxb5 $1 $11 axb5 22. Bxc5 Qf6 {[%emt 0:00:53] And now ...Rf7 would win.} 23. Bxf8 Rxf8 ({Don't do} 23... Kxf8 24. Rf1 Bf5 25. Nd4 $16) 24. Nd4 Nc4 25. Bb3 h5 26. h3 Bd7 27. Bxc4 bxc4 28. a4 h4 29. Qe3 Bxa4 30. Rxa4 Qf1+ 31. Kh2 Qd1 $1 {[%emt 0:00:00] ( -> ...Rf1)} 32. Qg5 {[%emt 0:03:48][%csl LRd5,LRh4][%cal Od4e6] Threatening mate with Ne6!} Qxa4 33. Qxd5+ Rf7 (33... Kh8 $5 34. Nc6 Rf6 35. Qd8+ Kh7 $14) 34. Nc6 {[%emt 0:00:30][%mdl 1024] White threatens Ne7+ and mate. White has compensation.} e3 $2 {[%emt 0:01:10][%mdl 8192] [#]} (34... g6 $14) 35. Ne7+ $1 {[%emt 0:00:07] White mates.} Kf8 36. Qd8+ Qe8 37. Ng6+ {[%emt 0:00:00][%mdl 64] Discovered Attack, Deflection, Double Attack.  Weighted Error Value: White=0.04 (flawless) /Black=0.40} 1-0

[Event "MCCT Oslo Esports Cup 2022"]
[Site "Oslo"]
[Date "2022.04.20"]
[Round "7.3"]
[White "Mamedyarov, Shakhriyar"]
[Black "Carlsen, Magnus"]
[Result "1-0"]
[ECO "E61"]
[WhiteElo "2771"]
[BlackElo "2864"]
[Annotator "TA"]
[PlyCount "87"]
[EventDate "2022.04.14"]
[EventType "tourn"]
[EventCountry "NOR"]
[SourceTitle "playchess.com"]
[Source "ChessBase"]
[SourceQuality "1"]
[TimeControl "900+10"]

1. d4 Nf6 2. c4 g6 3. Nc3 Bg7 4. g3 c5 5. dxc5 Qa5 6. Bg2 {[%emt 0:00:03] Against Ne4. E61: King's Indian: Early deviations for White, including Smyslov System.} Qxc5 7. Bd2 O-O (7... Qxc4 8. Rc1 Na6 9. Nd5 Qxa2 10. Ra1 Qc4 11. Ra4 Qc5 12. Nxf6+ Bxf6 13. Rxa6 bxa6 14. Bxa8 Bxb2 15. Nf3 O-O 16. O-O d6 {1-0 (45) Mamedyarov,S (2762)-Carlsen,M (2855) chess24.com INT 2021}) 8. Rc1 {[%emt 0:00:07][%cal Ob2b4] White has an edge.} d6 9. b3 Nc6 10. Nf3 {[%emt 0:00:41] [#]} Qh5 $146 (10... d5 $11) ({Predecessor:} 10... Ng4 11. O-O Qh5 12. Nd5 e5 13. h3 Nh6 14. Ng5 Nd4 15. e3 Ne2+ 16. Kh1 Nxc1 17. Qxh5 gxh5 18. Rxc1 {1-0 (28) Iskusnyh,S (2473)-Mikaelyan,A (2477) Chess.com INT 2021}) 11. h3 $14 h6 {[%emt 0:00:13] Inhibits Ng5.} 12. g4 Qc5 13. Be3 Qa5 14. Qd2 h5 15. g5 Nd7 16. Nd5 Qd8 17. Nd4 {[%emt 0:00:23] 0x0.0005ebf1e525dp-1022s more active pieces. The black rooks are badly placed.} Nc5 18. Nxc6 (18. O-O $5 ) 18... bxc6 19. Nb4 Qc7 (19... Bb7 $14) 20. Bxc6 $16 Rb8 {[%emt 0:00:02][%cal Ob8b4] [#]} 21. Bg2 ({White should try} 21. Nd5 $1 Qd8 22. f3) 21... a5 22. Nd5 Qa7 23. O-O Be6 24. Rfd1 Bxd5 25. cxd5 ({Resist} 25. Qxd5 a4 $14) 25... Rb4 26. Rc2 Rc8 27. Rdc1 Be5 28. Rc4 Qb6 29. Rxb4 axb4 30. Rc4 Bc3 31. Qc2 Qa5 32. Be4 {[%emt 0:01:15][%cal Oe4g6] Strongly threatening Bxg6!} Kh7 {[%emt 0:00:24] [#]} 33. Bf3 $1 Kg8 34. Be4 {[%emt 0:00:04][%cal Oe4g6] Threatens to win with Bxg6!} Kh7 35. Bf3 Kg8 36. Kg2 Ra8 37. Bxc5 (37. a4 {[#]} bxa3 $1 38. Rxc3 a2 39. Rxc5 (39. b4 $2 Qxb4 40. Rc4 Qe1 $19) 39... dxc5 $19) 37... dxc5 38. d6 $36 {[%emt 0:00:42][%mdl 2048] White has strong initiative.} exd6 39. Bxa8 Qxa8+ {[%emt 0:00:01] KQR-KQB} 40. Kg1 d5 $2 {[%emt 0:00:40][%mdl 8192] Loses the game.} (40... Bd4 $16 {is tougher.}) 41. Rxc5 $18 {[%emt 0:00:14] White is clearly winning.} d4 42. Qd3 Qxa2 43. Rc8+ Kh7 44. Qf3 {[%emt 0:00:20] Weighted Error Value: White=0.13 (very precise) /Black=0.28 (precise)} 1-0